 Dungeon Crawl Stone Soup version 0.30.1-9-gdf580d7c3d (webtiles) character file.

Game seed: 18405898837850805614

27 ChrisAssaf the Gusty (level 2, -1/22 HPs)
             Began as a Draconian Air Elementalist on Oct 25, 2023.
             Was a Believer of Ru.
             Slain by a gnoll bouda
             ... wielding a +0 whip
              (10 damage)
             ... on level 2 of the Dungeon.
             The game lasted 00:03:00 (510 turns).

ChrisAssaf the Gusty (Draconian Air Elementalist)    Turns: 510, Time: 00:03:01

Health: -1/22      AC:  4    Str: 10    XL:     2   Next: 93%
Magic:  0/5        EV: 12    Int: 15    God:    Ru [**....]
Gold:   64         SH:  0    Dex: 11    Spells: 2/5 levels left

rFire   x . .        a - +0 dagger
rCold   x . .        (no shield)
rNeg    . . .        (body armour unavailable)
rPois   .            (helmet restricted)
rElec   .            (no cloak)
rCorr   .            (no gloves)
SInv    .            (no boots)
Will    .....        (no amulet)
Stlth   ++           (no ring)
HPRegen 0.23/turn    (no ring)
MPRegen 0.09/turn

%: no passive effects
@: no status effects
A: AC +4, unfitting armour, cold-blooded, temperature sensitive
a: Renounce Religion


You were on level 2 of the Dungeon.
You worshipped Ru.
Ru was pleased with you.
You visited 1 branch of the dungeon, and saw 2 of its levels.

You collected 64 gold pieces.

Inventory:

Hand Weapons
 a - a +0 dagger (weapon)
Scrolls
 d - a scroll of noise
Potions
 b - a potion of curing {unknown}
 c - a potion of invisibility {unknown}
 e - a potion of lignification {unknown}
 h - a potion of attraction {unknown}


   Skills:
 * Level 0.6 Fighting
 * Level 0.4 Short Blades
 * Level 2.0 Dodging
 * Level 1.9 Stealth
 * Level 2.2 Spellcasting
 * Level 1.1 Conjurations
 * Level 3.4 Air Magic


You had 2 spell levels left.
You knew the following spells:

 Your Spells              Type           Power      Damage    Failure   Level
a - Shock                 Conj/Air       32%        1d5       9%          1
b - Static Discharge      Conj/Air       16%        2-3/arc   13%         2

Your spell library contained the following spells:

 Spells                   Type           Power      Damage    Failure   Level
 Swiftness                Air            12%        N/A       16%         3
 Airstrike                Air            6%         2d(1-17)  45%         4


Dungeon Overview and Level Annotations

Branches:
Dungeon (2/15)

Altars:
Ru


Innate Abilities, Weirdness & Mutations

Your plain brown scales are hard. (AC +4)
You cannot fit into any form of body armour.
You are cold-blooded and may be slowed by cold attacks.
You are sensitive to extremes of temperature. (rF-, rC-)


Message History

The gnoll completely misses you.
Casting: Static Discharge (safe; 13% risk of failure)
Confirm with . or Enter, or press ? or * to list all spells.
Aiming: Shock (safe; 9% risk of failure)
Press: ? - help, Shift-Dir - straight line, f - gnoll
Aim: a gnoll, wielding a +0 club (severely wounded, 72% to hit)
The zap misses the gnoll.
The gnoll misses you.
A gnoll comes into view. It is wielding a +0 club.
The gnoll bouda hits you with a +0 whip!
* * * LOW HITPOINT WARNING * * *
As you read the scroll labelled EJUKIT GURUYS, it crumbles to dust.
It is a scroll of identify.
d - a scroll of noise The gnoll bouda completely misses you.
As you read the scroll labelled GIEXOC ZONAODU, it crumbles to dust.
You assume a fearsome visage.
The gnoll bouda looks frightened!
The gnoll looks frightened! x3; It was a scroll of fear.
Your attacks no longer feel as feeble.
Found 9 gold pieces.
You start resting.
A gnoll bouda is nearby!
Casting: Static Discharge (safe; 13% risk of failure)
Press: ? - help, Q - select action, (/) - cycle Dir - look around, f - activate The gnoll bouda is struck by an arc of lightning.
The gnoll bouda is lightly wounded.
You are struck by an arc of lightning.
The gnoll bouda is struck by an arc of lightning.
The gnoll bouda is moderately wounded.
You are struck by an arc of lightning.
The lightning grounds out.
The gnoll bouda hits you but does no damage.
Casting: Static Discharge (safe; 13% risk of failure)
Confirm with . or Enter, or press ? or * to list all spells.
Aiming: Shock (safe; 9% risk of failure)
Press: ? - help, Shift-Dir - straight line, f - gnoll bouda
Aim: a gnoll bouda, wielding a +0 whip and wearing a +0 leather armour (moderately wounded, 72% to hit)
The zap hits the gnoll bouda.
The gnoll bouda is heavily wounded.
The gnoll bouda hits you with a +0 whip!
You die...

.............$+ ........# ....#
#... ........# ...###+# .....
........#####.....#....#
........##........#...#
..................#...# #.... ..
..................#...# #....#..
.....#.........g......##.#.......
.....#....#...##@.....+...#...#..
..........#...##......##..#....#
..........#...##...†..##..#....##
....♣♣♣♣♣♣♣♣.........†##.........
...♣♣.8_8..♣♣....................
.♣♣♣........♣♣....####...........
.♣..♣♣...♣...♣....####...<....†##
..♣♣♣♣.⌠.♣♣♣.♣........##.........
.....♣...♣ ♣♣.....###.##.#.......


You could see a gnoll bouda.

Vanquished Creatures
  An adder (D:2)
  A dart slug (D:2)
  An endoplasm (D:1)
  A giant cockroach (D:2)
  3 hobgoblins
  2 jackals (D:1)
  2 kobolds
  A quokka (D:2)
  2 rats
14 creatures vanquished.

Notes
Turn   | Place    | Note
-------+----------+-------------------------------------------
     0 | D:1      | ChrisAssaf the Draconian Air Elementalist began the quest
                  | for the Orb.
     0 | D:1      | Reached XP level 1. HP: 14/14 MP: 3/3
   175 | D:1      | Reached XP level 2. HP: 11/22 MP: 0/5
   224 | D:1      | Learned a level 2 spell: Static Discharge
   444 | D:2      | Found a faded altar of an unknown god.
   455 | D:2      | Prayed at the altar of an unknown god.
   455 | D:2      | Became a worshipper of Ru the Awakened
   457 | D:2      | Gained mutation: You are sensitive to extremes of
                  | temperature. (rF-, rC-) [Ru sacrifice]
   457 | D:2      | Reached * piety under Ru
   457 | D:2      | Reached ** piety under Ru
   510 | D:2      | Slain by a gnoll bouda

Illustrated notes

Levels and vault maps discovered:
D:1:      dpeg_arrival_ternary, layout_basic, st_stairs_6,
          chequers_serial_rivers_micro_e, nicolae_wormholes
D:2:      layout_basic, basic_altar, shapermc_ecumenical_altar_totnotflames

Skill      XL: |  1  2 |
---------------+-------+-----
Dodging        | 2 |  2.0
Fighting       | |  0.6
Short Blades   | |  0.4
Stealth        | |  1.9
Spellcasting   | |  2.2
Conjurations   | |  1.1
Air Magic      | |  3.4

Action                     || total
---------------------------++-------
  Melee: Dagger            ||    38
         Tailslap          ||     4
         Punch             ||     1
   Cast: Shock             ||    12
         Static Discharge  ||     7
 Invoke: Sacrifice Resista ||     1
    Use: Potion            ||     1
         Scroll            ||     2
 Armour: Skin              ||    26
  Dodge: Dodged            ||    42
